 Dungeon Crawl Stone Soup version 0.20.0-8-g6b59dc7 (webtiles) character file.

11694 MTVSty1e the Basher (level 11, -11/76 HPs)
             Began as a Gargoyle Ice Elementalist on June 2, 2017.
             Was a High Priest of Okawaru.
             Mangled by a guardian serpent (15 damage)
             ... on level 2 of the Lair of Beasts.
             The game lasted 00:29:38 (13594 turns).

MTVSty1e the Basher (Gargoyle Ice Elementalist)    Turns: 13594, Time: 00:29:39

Health: -11/76     AC: 21    Str: 15    XL:     11   Next: 81%
Magic:  14/14      EV:  9    Int: 16    God:    Okawaru [*****.]
Gold:   511        SH:  4    Dex: 10    Spells: 13/14 levels left

rFire    . . .     SeeInvis .   C - +4 flail
rCold    + . .     Gourm    .   e - +0 buckler
rNeg     + . .     Faith    .   A - +0 plate armour
rPois    ∞         Spirit   .   s - +0 helmet
rElec    +         Reflect  .   u - +0 cloak
rCorr    .         Harm     .   (no gloves)
MR       .....                  (no boots)
Stlth    ..........             (no amulet)
Regen    0.3/turn               x - ring of protection from cold
MPRegen  0.2/turn               m - +4 ring of evasion

@: slowed, very slow
A: negative energy resistance 1, electricity resistance, unbreathing,
petrification resistance, rot immunity, AC +7
a: Heroism, Finesse, Renounce Religion


You were on level 2 of the Lair of Beasts.
You worshipped Okawaru.
Okawaru was extremely pleased with you.
You were not hungry.

You visited 2 branches of the dungeon, and saw 11 of its levels.

You collected 511 gold pieces.

Inventory:

Hand Weapons
 g - a +2 mace of venom
 p - the +6 spear "Ypleurch" {drain, -Tele rElec rN++ Int+4, unknown}
   (You found it on level 7 of the Dungeon)

   A truly terrible weapon, it drains the life of those it strikes.
   It affects your intelligence (+4).
   It insulates you from electricity.
   It greatly protects you from negative energy.
   It prevents most forms of teleportation.
 v - the +5 mace of Wisdom {crush, rElec rPois MR-}
   (You found it on level 4 of the Dungeon)

   It inflicts extra damage upon your enemies.
   It insulates you from electricity.
   It protects you from poison.
   It affects your resistance to hostile enchantments.
 C - a +4 flail (weapon)
 E - a +2 mace of holy wrath
Armour
 e - a +0 buckler (worn)
 s - a +0 helmet (worn)
 u - a +0 cloak (worn)
 A - a +0 plate armour (worn)
Jewellery
 m - a +4 ring of evasion (right hand)
 x - a ring of protection from cold (left hand)
Wands
 h - a wand of enslavement (5/24)
 k - a wand of paralysis (12/24)
 w - a wand of scattershot (5/9)
Scrolls
 d - a scroll of recharging
 o - 2 scrolls of magic mapping
 t - 3 scrolls of amnesia
Potions
 f - a potion of magic
 j - 5 potions of brilliance
 n - a potion of mutation
Comestibles
 a - a fruit
 i - 8 meat rations
 l - 9 royal jellies
 z - 3 bread rations


   Skills:
 + Level 12.2 Fighting
 * Level 12.9 Maces & Flails
 + Level 4.2 Armour
 - Level 1.5 Dodging
 - Level 2.1 Stealth
 + Level 4.0 Shields
 - Level 2.0 Spellcasting
   Level 1.1 Conjurations
 - Level 3.0 Ice Magic


You had 13 spell levels left.
You knew the following spells:

 Your Spells              Type           Power        Failure   Level  Hunger
a - Freeze                Ice            ##..         99%         1    #......


Dungeon Overview and Level Annotations

Branches:
Dungeon (9/15)             Temple (0/1) D:5            Lair (2/6) D:8
  Snake (0/4) Lair:2          Orc (0/2) D:9
  Swamp: Lair:2-4    Shoals: Lair:2-4

Altars:
Dithmenos
Elyvilon
Fedhas
Gozag
Kikubaaqudgha
Makhleb
Okawaru
Qazlal
Trog
Uskayaw
The Shining One

Shops:
D:5 %   D:9 [

Annotations:
D:9 Kenran's ghost, novice NaBe


Innate Abilities, Weirdness & Mutations

You are resistant to torment.
Your stone body is resilient. (AC +7)
You are immune to poison.
You resist negative energy. (rN+)
You are resistant to electric shocks. (rElec)
You can survive without breathing.
You are immune to petrification.
You are immune to rotting.


Message History

The polar bear claws you but does no damage. x2
The guardian serpent casts a spell at you.
You feel as though you will be slow longer.
The guardian serpent hits you.
* * * LOW HITPOINT WARNING * * *
The guardian serpent coils itself and waves its upper body at you.
You feel as though you will be slow longer.
The guardian serpent coils itself and waves its upper body at you.
You feel as though you will be slow longer.
You block the guardian serpent's attack.
The guardian serpent hits you!
* * * LOW HITPOINT WARNING * * *
The guardian serpent hits you but does no damage.
The polar bear barely misses you.
The polar bear claws you but does no damage. x2
The guardian serpent misses you.
The guardian serpent hits you but does no damage.
The guardian serpent closely misses you.
The guardian serpent hits you!
You die...

####.#..#####.#######.###.#######
...................?.............
...............................P.
...............................##
.....#.#....+......P#.##.#.....##
.....###.....##...P.......#....##
..<..##.......#...P.......P.....#
.....#....<.......P.............#
......#......#..@S#.......#....##
......#....####...h.............#
..÷...###### #...#..............
.......... ......................
.......... .......P###+###.......
.................... .........
..................... ..........
.......##....##....... ..........
......## .. #..# #.P......


You could see a polar bear and a guardian serpent.

Vanquished Creatures
  2 hydras
  A two-headed ogre (D:8)
  The ghost of Fingolfin the Carver, a novice MiMo (D:5)
  A spiny frog (Lair:2)
  3 komodo dragons
  4 blink frogs (Lair:1)
  A hippogriff (D:8)
  Sigmund (D:6)
  A wyvern (D:8)
  A human (D:8)
  9 yaks
  3 hogs (D:8)
  A swamp worm (D:9)
  3 water moccasins
  The ghost of MTVSty1e the Chiller, an amateur GrIE (D:3)
  6 porcupines
  2 ice beasts (D:8)
  3 orc warriors
  2 black bears
  2 centaurs (D:5)
  4 ogres
  5 crocodiles
  A big kobold (D:8)
  6 bullfrogs
  4 scorpions
  3 killer bees
  3 howler monkeys (D:8)
  5 crimson imps
  Crazy Yiuf (D:4)
  A jelly (D:7)
  A bullfrog skeleton (D:7)
  7 orc priests
  5 hounds
  Ijyb (D:5)
  3 iguanas
  9 orc wizards
  11 worker ants
  2 hound zombies
  A hound skeleton (D:4)
  A worker ant zombie (D:8)
  3 gnolls (D:4)
  6 adders
  An adder zombie (D:8)
  An ooze (D:4)
  6 worms
  2 dart slugs (D:1)
  2 leopard geckos
  37 orcs
  2 ball pythons (D:4)
  9 giant cockroaches
  7 goblins
  10 hobgoblins
  5 jackals
  4 quokkas
  7 bats
  9 frilled lizards
  A jackal zombie (D:6)
  16 kobolds
  A leopard gecko skeleton (D:4)
  A leopard gecko zombie (D:5)
  A quokka skeleton (D:5)
  13 rats
  A bush (D:4)
267 creatures vanquished.

Vanquished Creatures (collateral kills)
  A spiny frog (Lair:1)
1 creature vanquished.

Vanquished Creatures (others)
  A fungus (Lair:2)
  22 plants (D:8)
23 creatures vanquished.

Grand Total: 291 creatures vanquished

Notes
Turn   | Place    | Note
-------+----------+-------------------------------------------
     0 | D:1      | MTVSty1e the Gargoyle Ice Elementalist began the quest for the Orb.
     0 | D:1      | Reached XP level 1. HP: 10/10 MP: 3/3
    43 | D:1      | Reached skill level 1 in Fighting
   417 | D:1      | Reached XP level 2. HP: 17/17 MP: 5/5
   769 | D:1      | Reached XP level 3. HP: 22/22 MP: 6/6
  1051 | D:1      | Reached skill level 1 in Maces & Flails
  1337 | D:2      | Found a white marble altar of Elyvilon.
  1471 | D:2      | Reached XP level 4. HP: 26/28 MP: 7/7
  2024 | D:3      | Noticed MTVSty1e's ghost (amateur GrIE)
  2032 | D:2      | Reached XP level 5. HP: 13/33 MP: 8/8
  2280 | D:3      | Killed MTVSty1e's ghost
  2280 | D:3      | Reached XP level 6. HP: 31/39 MP: 6/9
  2716 | D:3      | Found an iron altar of Okawaru.
  2724 | D:3      | Became a worshipper of Warmaster Okawaru
  3123 | D:4      | Reached skill level 5 in Fighting
  3450 | D:4      | Reached XP level 7. HP: 41/44 MP: 10/10
  3773 | D:4      | Reached * piety under Okawaru
  3773 | D:4      | Reached skill level 5 in Maces & Flails
  3867 | D:4      | Found a bloodstained altar of Trog.
  4306 | D:4      | Found a runed door.
  4310 | D:4      | Noticed Crazy Yiuf
  4317 | D:4      | Killed Crazy Yiuf
  4321 | D:4      | Got an ivory mace
  4322 | D:4      | Identified the +5 mace of Wisdom {crush, rElec rPois MR-} (You found it on level 4 of the Dungeon)
  4364 | D:4      | Reached XP level 8. HP: 41/53 MP: 11/11
  4435 | D:5      | Entered Level 5 of the Dungeon
  4447 | D:5      | Noticed Fingolfin's ghost (novice MiMo)
  4474 | D:5      | Killed Fingolfin's ghost
  4474 | D:5      | Reached ** piety under Okawaru
  5193 | D:5      | Noticed Ijyb
  5200 | D:5      | Killed Ijyb
  5395 | D:5      | Found a staircase to the Ecumenical Temple.
  5576 | D:5      | Found Ogheyw's Food Boutique.
  5708 | D:5      | Found a burning altar of Makhleb.
  5828 | D:6      | Reached XP level 9. HP: 60/60 MP: 12/12
  5981 | D:6      | Noticed Sigmund
  5993 | D:6      | Killed Sigmund
  6262 | D:6      | Reached *** piety under Okawaru
  7102 | D:6      | Reached skill level 10 in Fighting
  7663 | D:7      | Got a pitted spear
  7855 | D:7      | Received a gift from Okawaru
  7890 | D:7      | Reached XP level 10. HP: 68/68 MP: 13/13
  7929 | D:7      | Found a shadowy altar of Dithmenos.
  7985 | D:7      | Found a blossoming altar of Fedhas.
  7988 | D:7      | Found an ancient bone altar of Kikubaaqudgha.
  8138 | D:8      | Reached skill level 10 in Maces & Flails
  8185 | D:8      | Reached **** piety under Okawaru
  8396 | D:8      | Noticed a two-headed ogre
  8411 | D:8      | Killed a two-headed ogre
  8758 | D:8      | Found a staircase to the Lair.
  9721 | D:8      | Found a hide-covered altar of Uskayaw.
  9722 | D:8      | Found a glowing golden altar of the Shining One.
  9726 | D:8      | Found an opulent altar of Gozag.
  9727 | D:8      | Found a stormy altar of Qazlal.
 10106 | D:9      | Found a staircase to the Orcish Mines.
 10106 | D:9      | Found Hoiraic's Armour Shoppe.
 10125 | D:8      | Reached ***** piety under Okawaru
 10328 | D:9      | Reached XP level 11. HP: 20/75 MP: 14/14
 10444 | D:9      | Noticed Kenran's ghost (novice NaBe)
 10675 | Lair:1   | Entered Level 1 of the Lair of Beasts
 10798 | Lair:1   | Reached skill level 1 in Armour
 10812 | Lair:1   | Reached skill level 1 in Shields
 11197 | Lair:1   | Noticed a six-headed hydra
 11209 | Lair:1   | Killed a six-headed hydra
 11472 | Lair:1   | Noticed a six-headed hydra
 11572 | D:8      | HP: 2/76 [six-headed hydra (3)]
 11966 | D:8      | Killed a six-headed hydra
 11966 | D:8      | Received a gift from Okawaru
 13557 | Lair:2   | Found a staircase to the Snake Pit.
 13590 | Lair:2   | HP: 2/76 [guardian serpent (16)]
 13594 | Lair:2   | Mangled by a guardian serpent

Skill      XL: |  1  2  3  4  5  6  7  8  9 10 11 |
---------------+----------------------------------+-----
Fighting       | 1 2 3 4 5 7 8 10 11 12 | 12.2
Maces & Flails | 1 2 3 4 5 7 9 12 | 12.9
Armour         | 4 |  4.2
Shields        | 4 |  4.0
Dodging        | |  1.5
Stealth        | |  2.1
Spellcasting   | |  2.0
Conjurations   | |  1.1
Ice Magic      | |  3.0

Action                   |  1- 3 |  4- 6 |  7- 9 | 10-12 || total
-------------------------+-------+-------+-------+-------++-------
Melee: Unarmed           |    35 |       |       |       ||    35
       Whip              |    64 |       |       |       ||    64
       Mace              |    37 |   142 |   361 |    17 ||   557
       Flail             |       |       |       |   538 ||   538
 Cast: Freeze            |     5 |     4 |       |       ||     9
Invok: Heroism           |       |       |       |     7 ||     7
       Finesse           |       |       |       |     1 ||     1
Evoke: Wand              |       |       |       |     1 ||     1
  Use: Potion            |       |     3 |     4 |     4 ||    11
       Scroll            |       |     3 |     5 |     9 ||    17
 Stab: Sleeping          |     1 |     2 |     1 |       ||     4
       Invisible         |       |       |     1 |       ||     1
  Eat: Bread ration      |     1 |     1 |     2 |     3 ||     7
       Fruit             |       |     4 |       |     6 ||    10
       Chunk             |       |       |     2 |       ||     2
Armor: Robe              |    63 |    26 |       |       ||    89
       Leather armour    |       |    51 |    37 |       ||    88
       Plate armour      |       |       |   112 |   423 ||   535
       Skin              |       |       |       |     7 ||     7
Dodge: Dodged            |   113 |   112 |   208 |   253 ||   686
Block: Buckler           |       |       |       |    76 ||    76
